 Dungeon Sprint DCSS version 0.17.0-28-g6e173f8 (webtiles) character file.

280727 Kidiri the Ninja (level 18, -13/110 HPs)
             Began as a Spriggan Enchanter on Nov 27, 2015.
             Was the Champion of Dithmenos.
             Killed from afar by a Brimstone Fiend (36 damage)
             ... with a blast of hellfire
             ... in the Dungeon (Sprint III: "The Ten Rune Challenge").
             The game lasted 01:51:01 (17591 turns).

Kidiri the Ninja (Spriggan Enchanter)              Turns: 17591, Time: 01:51:01

Health: -13/110    AC:  7    Str: 12    XL:     18   Next: 74%
Magic:  34/47      EV: 51    Int: 30    God:    Dithmenos [******]
Gold:   1262       SH: 13    Dex: 24    Spells: 17 memorised, 8 levels left

rFire  + + +     SeeInvis +     w - +7 Spriggan's Knife {MR+ EV+4 Dex+4 Stlth+}
rCold  + + .     Clarity  +     R - +2 robe {rC+ rF+}
rNeg   + . .     SustAt   .     x - +2 buckler "Tyxug" {rC+}
rPois  .         Gourm    .     f - +3 crown of Dyrovepreva {rElec Int+2 SInv}
rElec  +         Spirit   .     I - +1 cloak "Reeggiy" {rElec Str+3}
rCorr  .         Warding  +     (gloves unavailable)
rMut   .         NoTele   +     (boots unavailable)
MR     ++++.                    G - amulet "Qarrosk" {Ward rElec rN+ Int+6}
Stlth  ++++++++++               z - ring "Tofioch" {*Corrode +Inv rF+ Int+3 Stlth+}
                                y - ring "Had Dock" {EV+3 Str+5}

@: corroded equipment, very slightly contaminated, wreathed by umbra, invisible,
very quick, incredibly resistant to hostile enchantments, uncannily stealthy
A: unfitting armour, antennae 1, claws 1, molten scales 1, see invisible, blink,
clarity, clumsy 1, fire resistance 1, herbivore 3, speed 3, robust 1, slow
metabolism 2, wild magic 1, evolution 1
a: Blink, Shadow Step, Shadow Form, Renounce Religion, Turn Visible
}: 4/10 runes: decaying, serpentine, silver, golden


You were in the Dungeon.
You worshipped Dithmenos.
Dithmenos was exalted by your worship.
You were not hungry.

You visited 1 branch You collected 3047 gold pieces.
You spent 1785 gold pieces at shops.

Inventory:

Hand Weapons
 w - the +7 Spriggan's Knife (weapon) {MR+ EV+4 Dex+4 Stlth+}
   (You found it in the Dungeon)

   It affects your evasion (+4).
   It affects your dexterity (+4).
   It affects your resistance to hostile enchantments.
   It makes you more stealthy.
 Z - the +5 pair of quick blades "Gyre" and "Gimble" {pierce, Dex-3}
   (You found it in the Dungeon)

   It inflicts extra damage upon your enemies.
   It affects your dexterity (-3).
Missiles
 F - 9 throwing nets (quivered)
Armour
 f - the +3 crown of Dyrovepreva (worn) {rElec Int+2 SInv}
   (You found it in the Dungeon)

   It affects your intelligence (+2).
   It insulates you from electricity.
   It lets you see invisible.
 x - the +2 buckler "Tyxug" (worn) {rC+}
   (You took it off a deep elf high priest in the Dungeon)

   It protects you from cold.
 E - a +3 gold dragon armour
 I - the +1 cloak "Reeggiy" (worn) {rElec Str+3}
   (You acquired it in the Dungeon)

   It affects your strength (+3).
   It insulates you from electricity.
 R - a +2 robe of resistance (worn)
Jewellery
 l - an uncursed ring of flight
 y - the ring "Had Dock" (left claw) {EV+3 Str+5}
   (You found it in the Dungeon)

   [ring of evasion]

   It affects your evasion (+3).
   It affects your strength (+5).
 z - the ring "Tofioch" (right claw) {*Corrode +Inv rF+ Int+3 Stlth+}
   (You took it off a deep elf blademaster in the Dungeon)

   [ring of stealth]

   It affects your intelligence (+3).
   It protects you from fire.
   It lets you turn invisible.
   It may corrode your equipment when you take damage.
   It makes you more stealthy.
 G - the amulet "Qarrosk" (around neck) {Ward rElec rN+ Int+6}
   (You acquired it in the Dungeon)

   [amulet of warding]

   It may prevent the melee attacks of summoned creatures.
   It affects your intelligence (+6).
   It insulates you from electricity.
   It protects you from negative energy.
Wands
 j - a wand of hasting (4)
 s - a wand of magic darts (18)
 v - a wand of slowing (30)
 D - a wand of disintegration (10)
 J - a wand of polymorph (17)
 N - a wand of disintegration (13)
 S - a wand of lightning (3)
Scrolls
 e - a scroll of silence
 o - 2 scrolls of torment
 p - 4 scrolls of remove curse
 A - 6 scrolls of amnesia
 K - 3 scrolls of identify
Potions
 d - a potion of ambrosia
 g - a potion of haste
 i - 4 potions of berserk rage
 k - 2 potions of lignification
 n - 4 potions of brilliance
 r - 3 potions of cure mutation
 t - a potion of invisibility
 u - 2 potions of might
 B - 4 potions of flight
Books
 b - a book of Burglary

   Spells                             Type                      Level
   a - Swiftness                      Charms/Air                   2
   b - Passwall                       Transmutation/Earth          3
   c - Passage of Golubria            Translocation                4
   d - Lee's Rapid Deconstruction     Earth                        5
   e - Darkness                       Hexes                        6
   f - Invisibility                   Hexes                        6
 C - a book of Geomancy

   Spells                             Type                      Level
   a - Sandblast                      Earth                        1
   b - Stoneskin                      Transmutation/Earth          2
   c - Passwall                       Transmutation/Earth          3
   d - Stone Arrow                    Conjuration/Earth            3
   e - Petrify                        Transmutation/Earth          4
   f - Lee's Rapid Deconstruction     Earth                        5
 H - a Young Poisoner's Handbook

   Spells                             Type                      Level
   a - Sting                          Conjuration/Poison           1
   b - Cure Poison                    Poison                       2
   c - Mephitic Cloud                 Conjuration/Poison/Air       3
   d - Olgreb's Toxic Radiance        Poison                       4
   e - Venom Bolt                     Conjuration/Poison           5
Comestibles
 m - 23 royal jellies
 q - 10 fruits
 P - a bread ration


   Skills:
 + Level 13.2 Fighting
 * Level 22.9 Short Blades
 + Level 12.4 Armour
 O Level 27 Dodging
 O Level 27 Stealth
 * Level 14.1 Shields
 * Level 24.5 Spellcasting
 + Level 12.2 Conjurations
 + Level 18.4 Hexes
 + Level 16.8 Charms
 + Level 16.8 Translocations
 + Level 15.5 Transmutations
 + Level 13.4 Ice Magic
 + Level 14.0 Air Magic
 + Level 11.6 Earth Magic
 + Level 15.2 Poison Magic
 - Level 2.2 Invocations
 + Level 15.2 Evocations


You had 8 spell levels left.
You knew the following spells:

 Your Spells              Type           Power        Failure   Level  Hunger
a - Corona                Hex            #######      1%          1    None
b - Ensorcelled Hibernat  Hex/Ice        ######       1%          2    None
c - Confuse               Hex            ########     1%          3    None
d - Tukima's Dance        Hex            ########     1%          3    None
e - Dazzling Spray        Conj/Hex       ########     1%          3    None
f - Mephitic Cloud        Conj/Pois/Air  ########     1%          3    None
g - Freezing Cloud        Conj/Ice/Air   ########..   3%          6    None
h - Poisonous Cloud       Conj/Pois/Air  ########..   2%          6    None
i - Shroud of Golubria    Chrm/Tloc      ########..   1%          2    None
j - Stone Arrow           Conj/Erth      ######       1%          3    None
k - Iskenderun's Battles  Conj/Chrm      ########     1%          5    None
l - Passwall              Trmt/Erth      ########..   1%          3    None
m - Passage of Golubria   Tloc           N/A          1%          4    None
n - Stoneskin             Trmt/Erth      ########     1%          2    None
o - Lee's Rapid Deconstr  Erth           ########..   1%          5    None
p - Cure Poison           Pois           ########..   1%          2    None
q - Venom Bolt            Conj/Pois      ########..   1%          5    None


Dungeon Overview and Level Annotations

Branches:
Dungeon (1/1)

Altars:
Cheibriados
Dithmenos
Elyvilon
Fedhas
Gozag
Kikubaaqudgha
Makhleb
Nemelex Xobeh
Okawaru
Qazlal
Ru
Sif Muna
Trog
Vehumet
Xom
Yredelemnul
Zin
The Shining One
Jiyva
Lugonu

Shops:
D [=!?(:(}%!%}%!%(?=?:[!}:

Annotations:
D 1 exclusion, Gloorx Vloq, Serpent of Hell


Innate Abilities, Weirdness & Mutations

You are tiny and cannot use many weapons and most armour.
You have supernaturally acute eyesight.
You are a herbivore.
You cover ground extremely quickly.
You need consume almost no food.
You have a pair of small antennae on your head.
You have sharp fingernails.
You are partially covered in molten scales (AC +1).
You can translocate small distances at will.
You possess an exceptional clarity of mind.
You are clumsy. (Dex -2)
Your flesh is heat resistant.
You are robust (+10% HP).
Your spells are a little harder to cast, but a little more powerful.
You evolve.


Message History

Unknown command.
Casting: Confuse
Confirm with . or Enter, or press ? or * to list all spells.
Aiming: Dazzling Spray
Press: ? - help, Shift-Dir - straight line, f/p - Brimstone Fiend
Aim: a Brimstone Fiend (black smoke, umbra)
The spray of energy hits the Brimstone Fiend.
The Brimstone Fiend is lightly wounded.
The Brimstone Fiend completely misses you.
You block the Brimstone Fiend's attack. The Brimstone Fiend closely misses you.
Casting: Dazzling Spray
Confirm with . or Enter, or press ? or * to list all spells.
Aiming: Stone Arrow
Press: ? - help, Shift-Dir - straight line, f/p - Brimstone Fiend
Aim: a Brimstone Fiend (black smoke, lightly wounded, umbra)
The stone arrow hits the Brimstone Fiend.
The Brimstone Fiend is lightly wounded.
The Brimstone Fiend gestures at you.
The hellfire explodes!
The blast of hellfire engulfs you!
You die...

######++#####*#§§§§§§§..,,,*#)≈.
##)#)#..#.#.##*,§§§§§...,,,*####
#.)^)...^....#*8,,§§§§.,,,8*#..+
▓######'#############'###########
▓...................1........#...
▓..........(((.§§§...).......#...
▓..........(((}§§§§..........'...
▓..........(((§§1§...........#...
▓...............@§§..........#...
▓#######+#############+##########
***≈≈≈≈≈≈≈≈≈**,§M#§§§§#§§§##...
*,*≈***≈≈*****,&M+.§§§+§§§##.))
**+*≈+,*≈≈*,* *,§M#§§§§#..§##..)
*≈≈≈≈***≈≈*+****+########+###.).
*≈≈≈≈≈≈≈≈≈≈≈≈* *,{,,,,{{,,* #...
*≈≈≈≈*+*≈≈≈≈≈***+***********#.##
****≈*,*≈≈*****,,,*,,,,,,,,*#.#^


You could see a Brimstone Fiend.

Vanquished Creatures
  An ancient lich (D)
  Mara (D)
  Mennas (D)
  5 greater mummies (D)
  Boris (D)
  the iron giant (D)
  the Lernaean hydra (D)
  Norris (D)
  A Killer Klown (D)
  Geryon (D)
  Nikola (D)
  4 golden dragons (D)
  2 liches (D)
  Rupert (D)
  A Hell Sentinel (D)
  2 Orb Guardians (D)
  6 deep elf blademasters (D)
  A titan (D)
  A quicksilver dragon (D)
  Frances (D)
  Gastronok (D)
  An ancient champion (D)
  Chuck (D)
  An Executioner (D)
  2 sphinxes (D)
  3 shadow dragons (D)
  2 storm dragons (D)
  Roxanne (D)
  4 azure jellies (D)
  A greater naga (D)
  A frost giant (D)
  A draconian knight (D)
  Maud (D)
  2 fire giants (D)
  2 draconian zealots (D)
  An iron dragon (D)
  2 stone giants (D)
  Wiglaf (D)
  4 war gargoyles (D)
  A deep elf demonologist (D)
  Nessos (D)
  A deep elf annihilator (D)
  Azrael (D)
  2 dire elephants (D)
  A yellow draconian (D)
  A deep elf death mage (D)
  7 mummy priests (D)
  A fire dragon (D)
  4 yaktaur captains (D)
  A deep elf high priest (D)
  8 vault guards (D)
  A naga warrior (D)
  8 anacondas (D)
  3 centaur warriors (D)
  3 hydras (D)
  Erica (D)
  A small abomination (D)
  4 death yaks (D)
  2 iron elementals (D)
  2 hell beasts (D)
  4 dancing weapons (D)
  An ogre mage (D)
  2 soul eaters (D)
  2 iron golems (D)
  4 deep elf knights (D)
  2 sun demons (D)
  An unseen horror (D)
  2 ice devils (D)
  6 skeletal warriors (D)
  4 hell knights (D)
  A spriggan druid (D)
  A shadow wraith (D)
  A golden dragon zombie (D)
  A ball lightning (D)
  2 deep elf summoners (D)
  A spectral iron dragon (D)
  5 swamp dragons (D)
  An anaconda zombie (D)
  A death drake (D)
  A giant orange brain (D)
  A giant orange brain (shapeshifter) (D)
  An obsidian statue (D)
  An orange crystal statue (D)
  A lindwurm (D)
  2 deep elf conjurers (D)
  7 ugly things (D)
  4 crystal guardians (D)
  3 hornets (D)
  A moth of wrath (D)
  2 orc knights (D)
  2 oklob plants (D)
  A shining eye (D)
  3 rust devils (D)
  7 black mambas (D)
  A guardian serpent (D)
  2 stone giant skeletons (D)
  A molten gargoyle (D)
  2 elephants (D)
  8 statues (D)
  2 spiny frogs (D)
  10 yaktaurs (D)
  A komodo dragon (D)
  A fire drake (D)
  3 wandering mushrooms (D)
  2 deep elf priests (D)
  18 guardian mummies (D)
  A merfolk (shapeshifter) (D)
  4 spriggan defenders (D)
  A queen bee (D)
  4 orc high priests (D)
  9 slime creatures (D)
  8 blink frogs (D)
  2 spriggans (D)
  3 redbacks (D)
  A golden eye (D)
  4 shadows (D)
  2 nagas (D)
  3 iron troll simulacra (D)
  A spatial vortex (D)
  4 water moccasins (D)
  3 swamp drakes (D)
  An orc warrior (D)
  2 fire dragon simulacra (D)
  2 centaurs (D)
  A necrophage (D)
  An earth elemental (D)
  2 brain worms (D)
  A giant frog (shapeshifter) (D)
  A water elemental (D)
  30 killer bees (D)
  7 electric eels (D)
  2 quasits (D)
  4 orc priests (D)
  Crazy Yiuf (D)
  A jelly (D)
  An orc wizard (D)
  Jessica (D)
  A wizard (D)
  2 necromancers (D)
  A polar bear simulacrum (D)
  A kobold demonologist (D)
  A wolf simulacrum (D)
  3 humans (D)
  4 adders (D)
  2 giant eyeballs (D)
  An ooze (D)
  11 orcs (D)
  2 rats (D)
  3 ballistomycetes (D)
  8 bushes (D)
  3 butterflies (D)
  2 crawling corpses (D)
  27 plants (D)
430 creatures vanquished.

Vanquished Creatures (collateral kills)
  2 vampire knights (D)
  9 vault guards (D)
  A killer bee (D)
  A butterfly (D)
13 creatures vanquished.

Vanquished Creatures (others)
  2 draconian scorchers (D)
  2 mummy priests (D)
  4 dancing weapons (D)
  2 ball lightnings (D)
  3 yaktaurs (D)
  A killer bee (D)
  3 ballistomycetes (D)
  5 giant spores (D)
  19 plants (D)
41 creatures vanquished.

Grand Total: 484 creatures vanquished

Notes
Turn   | Place    | Note
--------------------------------------------------------------
     0 | D        | Kidiri the Spriggan Enchanter began the quest for the Orb.
     0 | D        | Reached XP level 1. HP: 9/9 MP: 5/5
     7 | D        | Reached skill level 5 in Stealth
    11 | D        | Noticed Jessica
    24 | D        | Killed Jessica
    24 | D        | Reached skill level 1 in Fighting
    24 | D        | Reached skill level 6 in Stealth
    24 | D        | Reached XP level 2. HP: 7/14 MP: 5/8
    24 | D        | Reached XP level 3. HP: 9/18 MP: 5/9
    35 | D        | Learned a level 2 spell: Ensorcelled Hibernation
    39 | D        | Learned a level 3 spell: Confuse
    43 | D        | Learned a level 3 spell: Dazzling Spray
    45 | D        | Killed a yaktaur
   143 | D        | Killed a white draconian scorcher
   193 | D        | Reached skill level 1 in Armour
   193 | D        | Reached skill level 5 in Dodging
   202 | D        | Killed a white draconian scorcher
   243 | D        | Noticed Crazy Yiuf
   250 | D        | Killed Crazy Yiuf
   250 | D        | Reached XP level 4. HP: 22/22 MP: 11/11
   263 | D        | Learned a level 3 spell: Tukima's Dance
   279 | D        | Gained mutation: You have a pair of small antennae on your head. [potion of mutation]
   279 | D        | Gained mutation: Armour fits poorly on your strangely shaped body. [potion of mutation]
   279 | D        | Gained mutation: Your magical capacity is low (-10% MP). [potion of mutation]
   280 | D        | Lost mutation: Armour fits poorly on your strangely shaped body. [potion of cure mutation]
   280 | D        | Lost mutation: Your magical capacity is low (-10% MP). [potion of cure mutation]
   280 | D        | Lost mutation: You have a pair of small antennae on your head. [potion of cure mutation]
   281 | D        | Gained mutation: You have sharp fingernails. [potion of mutation]
   281 | D        | Gained mutation: You are robust (+10% HP). [potion of mutation]
   281 | D        | Gained mutation: You can translocate small distances at will. [potion of mutation]
   323 | D        | Noticed a water elemental
   326 | D        | Killed a water elemental
   326 | D        | Reached skill level 7 in Stealth
   326 | D        | Reached skill level 5 in Spellcasting
   326 | D        | Reached skill level 1 in Conjurations
   326 | D        | Reached skill level 5 in Hexes
   326 | D        | Reached skill level 1 in Ice Magic
   326 | D        | Reached XP level 5. HP: 26/28 MP: 12/14
   352 | D        | Noticed a jelly
   353 | D        | Noticed a shadow
   355 | D        | Killed a shadow
   355 | D        | Reached skill level 5 in Short Blades
   355 | D        | Reached skill level 8 in Dodging
   355 | D        | Reached skill level 9 in Stealth
   355 | D        | Reached XP level 6. HP: 33/35 MP: 14/16
   359 | D        | Killed a jelly
   378 | D        | Found a stormy altar of Qazlal.
   379 | D        | Noticed a spatial vortex
   379 | D        | Killed a spatial vortex
   379 | D        | Reached skill level 10 in Stealth
   380 | D        | Found a sacrificial altar of Ru.
   380 | D        | Found a burning altar of Makhleb.
   380 | D        | Found a viscous altar of Jiyva.
   380 | D        | Found a shimmering altar of Xom.
   380 | D        | Found a shadowy altar of Dithmenos.
   380 | D        | Found a sparkling altar of Nemelex Xobeh.
   380 | D        | Found a corrupted altar of Lugonu.
   380 | D        | Found an opulent altar of Gozag.
   384 | D        | Became a worshipper of Dithmenos the Shadowed
   409 | D        | Found a radiant altar of Vehumet.
   410 | D        | Found a deep blue altar of Sif Muna.
   410 | D        | Found an ancient bone altar of Kikubaaqudgha.
   410 | D        | Noticed a wizard
   411 | D        | Killed a wizard
   413 | D        | Reached * piety under Dithmenos
   426 | D        | Learned a level 3 spell: Mephitic Cloud
   438 | D        | Found a glowing silver altar of Zin.
   439 | D        | Found a glowing golden altar of the Shining One.
   439 | D        | Found a white marble altar of Elyvilon.
   439 | D        | Noticed a deep elf priest
   441 | D        | Killed a deep elf priest
   441 | D        | Reached skill level 1 in Air Magic
   441 | D        | Reached skill level 1 in Poison Magic
   441 | D        | Reached skill level 1 in Invocations
   441 | D        | Reached XP level 7. HP: 39/39 MP: 17/19
   451 | D        | Learned a level 6 spell: Freezing Cloud
   459 | D        | Found an iron altar of Okawaru.
   460 | D        | Found a bloodstained altar of Trog.
   460 | D        | Noticed a human
   460 | D        | Noticed a human
   462 | D        | Killed a human
   462 | D        | Reached skill level 10 in Dodging
   462 | D        | Reached skill level 11 in Stealth
   463 | D        | Killed a human
   477 | D        | Found a snail-covered altar of Cheibriados.
   477 | D        | Noticed a necrophage
   478 | D        | Found a basalt altar of Yredelemnul.
   478 | D        | Found a blossoming altar of Fedhas.
   478 | D        | Noticed a necromancer
   479 | D        | Killed a necrophage
   479 | D        | Reached ** piety under Dithmenos
   479 | D        | Reached XP level 8. HP: 45/45 MP: 21/21
   480 | D        | Killed a necromancer
   499 | D        | Noticed Erica
   502 | D        | Killed Erica
   502 | D        | Reached skill level 12 in Stealth
   507 | D        | Noticed an earth elemental
   510 | D        | Killed an earth elemental
   515 | D        | Noticed a centaur
   515 | D        | Noticed a centaur warrior
   515 | D        | Noticed a centaur
   518 | D        | Killed a centaur warrior
   518 | D        | Reached skill level 13 in Stealth
   518 | D        | Reached skill level 10 in Spellcasting
   518 | D        | Reached XP level 9. HP: 50/50 MP: 22/24
   519 | D        | Killed a centaur
   519 | D        | Reached *** piety under Dithmenos
   520 | D        | Killed a centaur
   533 | D        | Learned a level 6 spell: Poisonous Cloud
   547 | D        | Noticed an unseen horror
   549 | D        | Killed an unseen horror
   559 | D        | Noticed a killer bee
   559 | D        | Noticed a killer bee
   559 | D        | Noticed a killer bee
   559 | D        | Noticed a killer bee
   559 | D        | Noticed a killer bee
   559 | D        | Noticed a killer bee
   559 | D        | Noticed a killer bee
   559 | D        | Noticed a killer bee
   559 | D        | Noticed a killer bee
   559 | D        | Noticed a killer bee
   559 | D        | Noticed a killer bee
   559 | D        | Noticed a killer bee
   559 | D        | Noticed a killer bee
   559 | D        | Noticed a killer bee
   559 | D        | Noticed a queen bee
   560 | D        | Noticed a killer bee
   560 | D        | Noticed a killer bee
   560 | D        | Noticed a killer bee
   560 | D        | Noticed a killer bee
   560 | D        | Noticed a killer bee
   560 | D        | Noticed a killer bee
   560 | D        | Noticed a killer bee
   560 | D        | Noticed a killer bee
   560 | D        | Noticed a killer bee
   560 | D        | Noticed a killer bee
   560 | D        | Noticed a killer bee
   560 | D        | Noticed a killer bee
   560 | D        | Noticed a killer bee
   560 | D        | Noticed a killer bee
   560 | D        | Noticed a killer bee
   560 | D        | Noticed a killer bee
   560 | D        | Noticed a killer bee
   560 | D        | Noticed a killer bee
   568 | D        | Killed a killer bee
   572 | D        | Killed a killer bee
   574 | D        | Killed a killer bee
   574 | D        | Reached **** piety under Dithmenos
   576 | D        | Killed a killer bee
   579 | D        | Killed a killer bee
   581 | D        | Killed a killer bee
   586 | D        | Killed a killer bee
   589 | D        | Killed a killer bee
   592 | D        | Killed a killer bee
   599 | D        | Killed a killer bee
   600 | D        | Killed a killer bee
   600 | D        | Reached ***** piety under Dithmenos
   612 | D        | Killed a killer bee
   747 | D        | Killed a killer bee
   752 | D        | Killed a killer bee
   752 | D        | Reached skill level 14 in Stealth
   755 | D        | Killed a killer bee
   755 | D        | Reached skill level 10 in Short Blades
   757 | D        | Killed a killer bee
   759 | D        | Killed a killer bee
   759 | D        | Reached XP level 10. HP: 56/56 MP: 13/25
   772 | D        | Killed a killer bee
   773 | D        | Killed a killer bee
   782 | D        | Killed a killer bee
   790 | D        | Killed a killer bee
   912 | D        | Killed a killer bee
   919 | D        | Killed a killer bee
   922 | D        | Killed a killer bee
   924 | D        | Killed a killer bee
   926 | D        | Killed a killer bee
   929 | D        | Killed a killer bee
   929 | D        | Reached skill level 5 in Fighting
   931 | D        | Killed a killer bee
   931 | D        | Reached ****** piety under Dithmenos
   967 | D        | Killed a killer bee
   967 | D        | Reached skill level 5 in Ice Magic
  1172 | D        | Killed a killer bee
  1174 | D        | Killed a killer bee
  1177 | D        | Killed a killer bee
  1180 | D        | Killed a queen bee
  1305 | D        | Noticed a wandering mushroom
  1306 | D        | Noticed a wandering mushroom
  1306 | D        | Noticed a wandering mushroom
  1310 | D        | Killed a wandering mushroom
  1310 | D        | Reached skill level 5 in Poison Magic
  1315 | D        | Killed a wandering mushroom
  1362 | D        | Killed a wandering mushroom
  1433 | D        | Killed a yaktaur
  1485 | D        | Noticed a spiny frog
  1485 | D        | Noticed a komodo dragon
  1485 | D        | Noticed a spiny frog
  1489 | D        | Killed a spiny frog
  1490 | D        | Killed a spiny frog
  1491 | D        | Killed a komodo dragon
  1491 | D        | Reached skill level 15 in Stealth
  1497 | D        | Noticed a redback
  1499 | D        | Killed a redback
  1500 | D        | Noticed a brain worm
  1504 | D        | Killed a brain worm
  1507 | D        | Noticed a brain worm
  1509 | D        | Killed a brain worm
  1512 | D        | Noticed a lindwurm
  1514 | D        | Noticed a redback
  1519 | D        | Killed a lindwurm
  1519 | D        | Reached skill level 5 in Armour
  1523 | D        | Killed a redback
  1530 | D        | Noticed a redback
  1530 | D        | Noticed Maud
  1532 | D        | Killed Maud
  1532 | D        | Reached skill level 5 in Conjurations
  1532 | D        | Reached skill level 5 in Air Magic
  1532 | D        | Reached XP level 11. HP: 58/61 MP: 16/28
  1536 | D        | Killed a redback
  1618 | D        | Noticed an electric eel
  1619 | D        | Noticed a seven-headed hydra
  1619 | D        | Noticed a five-headed hydra
  1620 | D        | Killed an electric eel
  1622 | D        | Killed a seven-headed hydra
  1622 | D        | Reached skill level 16 in Stealth
  1623 | D        | Killed a five-headed hydra
  1623 | D        | Reached skill level 15 in Dodging
  1661 | D        | Noticed a death drake
  1664 | D        | Killed a death drake
  1674 | D        | Found a blossoming altar of Fedhas.
  1674 | D        | Noticed a spriggan
  1674 | D        | Noticed a spriggan druid
  1674 | D        | Noticed a spriggan
  1676 | D        | Killed a spriggan druid
  1676 | D        | Reached skill level 10 in Hexes
  1677 | D        | Killed a spriggan
  1680 | D        | Killed a spriggan
  1742 | D        | Noticed an anaconda
  1742 | D        | Noticed a black mamba
  1742 | D        | Noticed an anaconda
  1742 | D        | Noticed a black mamba
  1744 | D        | Killed an anaconda
  1745 | D        | Noticed a black mamba
  1746 | D        | Killed a black mamba
  1748 | D        | Killed a black mamba
  1750 | D        | Killed an anaconda
  1750 | D        | Reached skill level 17 in Stealth
  1758 | D        | Killed a black mamba
  1777 | D        | Noticed an anaconda
  1777 | D        | Noticed a black mamba
  1777 | D        | Noticed a black mamba
  1777 | D        | Noticed a water moccasin
  1779 | D        | Killed a black mamba
  1784 | D        | Killed an anaconda
  1786 | D        | Killed a water moccasin
  1794 | D        | Killed a black mamba
  1848 | D        | Noticed a water moccasin
  1848 | D        | Noticed a water moccasin
  1848 | D        | Noticed a water moccasin
  1848 | D        | Noticed an anaconda
  1848 | D        | Noticed an anaconda
  1848 | D        | Noticed an anaconda
  1848 | D        | Noticed an anaconda
  1849 | D        | Noticed an anaconda
  1850 | D        | Killed an anaconda
  1850 | D        | Reached XP level 12. HP: 68/68 MP: 30/30
  1851 | D        | Killed an anaconda
  1854 | D        | Killed an anaconda
  1855 | D        | Killed a water moccasin
  1881 | D        | Killed an anaconda
  1886 | D        | Killed a water moccasin
  1907 | D        | Killed a yaktaur
  1962 | D        | Killed a water moccasin
  1963 | D        | Killed an anaconda
  1963 | D        | Reached skill level 18 in Stealth
  2111 | D        | Noticed a naga
  2111 | D        | Noticed a naga
  2112 | D        | Noticed a naga warrior
  2112 | D        | Noticed a greater naga
  2112 | D        | Found Omuasic's Magic Scroll Shop.
  2112 | D        | Found Leraqiy's Antique Weapon Shoppe.
  2113 | D        | Killed a naga
  2114 | D        | Found Rakoir's Book Boutique.
  2115 | D        | Killed a naga warrior
  2116 | D        | Killed a greater naga
  2117 | D        | Killed a naga
  2130 | D        | Noticed a guardian serpent
  2133 | D        | Killed a guardian serpent
  2134 | D        | Got a serpentine rune of Zot
  2235 | D        | Noticed a swamp drake
  2235 | D        | Noticed a fire drake
  2236 | D        | Killed a fire drake
  2238 | D        | Killed a swamp drake
  2246 | D        | Noticed a blink frog
  2246 | D        | Noticed a blink frog
  2247 | D        | Noticed a blink frog
  2247 | D        | Noticed a blink frog
  2248 | D        | Noticed a blink frog
  2249 | D        | Killed a blink frog
  2262 | D        | Killed a blink frog
  2294 | D        | Killed a blink frog
  2300 | D        | Killed a blink frog
  2398 | D        | Killed a blink frog
  2426 | D        | Noticed Rupert
  2430 | D        | Killed Rupert
  2430 | D        | Reached skill level 15 in Spellcasting
  2437 | D        | Noticed a death yak
  2438 | D        | Noticed a death yak
  2438 | D        | Noticed a blink frog
  2439 | D        | Noticed an azure jelly
  2439 | D        | Noticed a death yak
  2439 | D        | Noticed an azure jelly
  2439 | D        | Noticed a blink frog
  2439 | D        | Noticed a death yak
  2440 | D        | Killed a death yak
  2441 | D        | Killed a death yak
  2441 | D        | Reached skill level 19 in Stealth
  2448 | D        | Noticed a blink frog
  2460 | D        | Killed a blink frog
  2656 | D        | Noticed a black mamba
  2657 | D        | Noticed a black mamba
  2657 | D        | Killed a blink frog
  2665 | D        | Killed a black mamba
  2669 | D        | Killed a death yak
  2669 | D        | Reached XP level 13. HP: 50/73 MP: 8/33
  2671 | D        | Killed a black mamba
  2673 | D        | Killed a blink frog
  2810 | D        | Killed a death yak
  2818 | D        | Noticed an azure jelly
  2818 | D        | Noticed an azure jelly
  3010 | D        | Noticed a swamp dragon
  3011 | D        | Killed a swamp dragon
  3012 | D        | Noticed a swamp drake
  3012 | D        | Noticed a swamp dragon
  3012 | D        | Noticed a swamp dragon
  3014 | D        | Killed a swamp drake
  3017 | D        | Killed a swamp dragon
  3288 | D        | Noticed a swamp dragon
  3290 | D        | Found Pipuxet's Antique Armour Shoppe.
  3290 | D        | Found Geynupp's Jewellery Boutique.
  3290 | D        | Found Seicsiv's Distillery.
  3291 | D        | Killed a swamp dragon
  3294 | D        | Killed a swamp dragon
  3304 | D        | Noticed the 27-headed Lernaean hydra
  3366 | D        | Noticed an elephant
  3366 | D        | Noticed an elephant
  3366 | D        | Noticed a dire elephant
  3366 | D        | Noticed a dire elephant
  3366 | D        | Noticed Gastronok
  3368 | D        | Killed Gastronok
  3369 | D        | Killed a dire elephant
  3371 | D        | Killed a dire elephant
  3375 | D        | Killed an elephant
  3375 | D        | Reached skill level 20 in Stealth
  3376 | D        | Killed an elephant
  3390 | D        | Gained mutation: You have a pair of small antennae on your head. [potion of mutation]
  3390 | D        | Gained mutation: Your flesh is heat resistant. [potion of mutation]
  3390 | D        | Gained mutation: You evolve. [potion of mutation]
  3584 | D        | Noticed an orc wizard
  3585 | D        | Noticed an orc priest
  3586 | D        | Noticed an orc priest
  3586 | D        | Noticed an orc priest
  3586 | D        | Noticed an orc priest
  3586 | D        | Noticed an orc warrior
  3586 | D        | Noticed an orc knight
  3587 | D        | Found Vakhlap's Antique Weapon Shoppe.
  3588 | D        | Killed an orc priest
  3591 | D        | Killed an orc priest
  3593 | D        | Killed an orc wizard
  3594 | D        | Killed an orc priest
  3605 | D        | Killed an orc knight
  3608 | D        | Killed an orc priest
  3630 | D        | Killed an orc warrior
  3630 | D        | Reached skill level 15 in Short Blades
  3790 | D        | Noticed a deep elf priest
  3790 | D        | Noticed a deep elf knight
  3790 | D        | Noticed a deep elf knight
  3790 | D        | Noticed a deep elf summoner
  3790 | D        | Noticed a deep elf summoner
  3796 | D        | Noticed a deep elf demonologist
  3798 | D        | Killed a deep elf knight
  3799 | D        | Killed a deep elf summoner
  3801 | D        | Killed a deep elf priest
  3802 | D        | Killed a deep elf knight
  3803 | D        | Killed a deep elf summoner
  3804 | D        | Noticed a deep elf annihilator
  3848 | D        | Killed a deep elf demonologist
  3849 | D        | Noticed a deep elf conjurer
  3910 | D        | Noticed a deep elf high priest
  3911 | D        | Killed a deep elf conjurer
  3911 | D        | Reached skill level 1 in Shields
  3950 | D        | Noticed a deep elf death mage
  3951 | D        | Noticed a deep elf conjurer
  3952 | D        | Noticed a deep elf blademaster
  3955 | D        | Killed a deep elf conjurer
  3956 | D        | Killed a deep elf death mage
  4384 | D        | Killed a deep elf annihilator
  5159 | D        | Killed a deep elf high priest
  5345 | D        | Killed a deep elf blademaster
  5345 | D        | Reached skill level 21 in Stealth
  5445 | D        | Got a jewelled buckler
  5447 | D        | Got a smoking golden ring
  5448 | D        | Got a transparent plate armour
  5470 | D        | Got a transparent leather armour
  5483 | D        | Identified the +2 buckler "Tyxug" {rC+} (You took it off a deep elf high priest in the Dungeon)
  5497 | D        | Identified the ring "Tofioch" {*Corrode +Inv rF+ Int+3 Stlth+} (You took it off a deep elf blademaster in the Dungeon)
  5512 | D        | Identified Wuratz's Disquisition on the Entourage and the Compass
  5732 | D        | Learned a level 2 spell: Shroud of Golubria
  5738 | D        | Learned a level 3 spell: Stone Arrow
  5745 | D        | Learned a level 5 spell: Iskenderun's Battlesphere
  5885 | D        | Bought a glowing rapier for 108 gold pieces
  5888 | D        | Bought a scroll of identify for 28 gold pieces
  5983 | D        | Noticed Wiglaf
  5983 | D        | Noticed Frances
  5985 | D        | Killed Wiglaf
  5985 | D        | Reached skill level 1 in Charms
  5985 | D        | Reached skill level 1 in Translocations
  5986 | D        | Killed Frances
  5986 | D        | Reached skill level 1 in Earth Magic
  5986 | D        | Reached XP level 14. HP: 81/81 MP: 30/35
  6011 | D        | Noticed an orc high priest
  6011 | D        | Noticed an orc high priest
  6012 | D        | Noticed an orc high priest
  6012 | D        | Noticed an orc high priest
  6013 | D        | Killed an orc high priest
  6014 | D        | Killed an orc high priest
  6016 | D        | Killed an orc high priest
  6017 | D        | Killed an orc high priest
  6088 | D        | Noticed a spriggan defender
  6089 | D        | Noticed a spriggan defender
  6089 | D        | Noticed a spriggan defender
  6089 | D        | Noticed a spriggan defender
  6090 | D        | Killed a spriggan defender
  6091 | D        | Killed a spriggan defender
  6093 | D        | Killed a spriggan defender
  6094 | D        | Killed a spriggan defender
  6175 | D        | Noticed a centaur warrior
  6178 | D        | Killed a centaur warrior
  6191 | D        | Noticed a white ugly thing
  6197 | D        | Noticed a green ugly thing
  6198 | D        | Killed a white ugly thing
  6200 | D        | Killed a green ugly thing
  6201 | D        | Noticed a slime creature
  6201 | D        | Noticed a brown ugly thing
  6202 | D        | Noticed a fire dragon
  6203 | D        | Killed a slime creature
  6205 | D        | Killed a brown ugly thing
  6205 | D        | Reached skill level 10 in Poison Magic
  6208 | D        | Killed a fire dragon
  6221 | D        | Noticed a slime creature
  6224 | D        | Killed a slime creature
  6234 | D        | Noticed a white ugly thing
  6236 | D        | Killed a white ugly thing
  6240 | D        | Noticed a centaur warrior
  6243 | D        | Killed a centaur warrior
  6266 | D        | Noticed a war axe of chopping
  6266 | D        | Noticed a broad axe of electrocution
  6266 | D        | Noticed a scimitar of electrocution
  6267 | D        | Noticed a hand axe of chopping
  6268 | D        | Killed a broad axe of electrocution
  6270 | D        | Killed a hand axe of chopping
  6302 | D        | Killed a war axe of chopping
  6303 | D        | Killed a scimitar of electrocution
  6480 | D        | Noticed an orange crystal statue
  6485 | D        | Killed an orange crystal statue
  6494 | D        | Found Lacvoa Hely's Jewellery Emporium.
  6494 | D        | Found Xoggeck's Book Shop.
  6494 | D        | Found Omauttew's Book Shoppe.
  6494 | D        | Found Hocsunli's Magic Scroll Boutique.
  6494 | D        | Found Ushuem's Magic Scroll Emporium.
  6494 | D        | Found Mino's Gadget Shop.
  6494 | D        | Found Osoczo's Distillery.
  6494 | D        | Found Teemagi's Antique Armour Boutique.
  6495 | D        | Found Zufe's Antique Weapon Boutique.
  6495 | D        | Found Effan's Food Shoppe.
  6495 | D        | Found Fywirat's Distillery.
  6495 | D        | Found Iwkot's Food Emporium.
  6515 | D        | Bought a scroll of identify for 24 gold pieces
  6515 | D        | Bought a scroll of identify for 24 gold pieces
  6515 | D        | Bought a scroll of identify for 24 gold pieces
  6518 | D        | Bought a scroll of magic mapping for 42 gold pieces
  6520 | D        | Bought a scroll of identify for 20 gold pieces
  6520 | D        | Bought a scroll of identify for 20 gold pieces
  6540 | D        | Bought a book of Burglary for 900 gold pieces
  6544 | D        | Learned a level 3 spell: Passwall
  6549 | D        | Learned a level 4 spell: Passage of Golubria
  6556 | D        | Noticed a crystal guardian
  6556 | D        | Noticed a crystal guardian
  6556 | D        | Noticed a crystal guardian
  6556 | D        | Noticed a crystal guardian
  6557 | D        | Killed a crystal guardian
  6560 | D        | Killed a crystal guardian
  6560 | D        | Reached skill level 1 in Evocations
  6563 | D        | Killed a crystal guardian
  6566 | D        | Killed a crystal guardian
  6614 | D        | Noticed a yaktaur captain
  6619 | D        | Gained mutation: You are clumsy. (Dex -2) [evolution]
  6624 | D        | Killed a yaktaur captain
  6624 | D        | Reached skill level 1 in Transmutations
  6862 | D        | Noticed a slime creature
  6864 | D        | Killed a slime creature
  6872 | D        | Noticed Chuck
  6888 | D        | Killed Chuck
  6888 | D        | Reached skill level 22 in Stealth
  6888 | D        | Reached skill level 5 in Translocations
  7089 | D        | Noticed a giant orange brain
  7093 | D        | Killed a giant orange brain
  7098 | D        | Noticed Norris
  7099 | D        | Killed Norris
  7099 | D        | Reached skill level 5 in Shields
  7099 | D        | Reached skill level 5 in Charms
  7109 | D        | Noticed a cyan ugly thing
  7112 | D        | Killed a cyan ugly thing
  7125 | D        | Noticed a lich
  7125 | D        | Noticed a green ugly thing
  7128 | D        | Killed a lich
  7130 | D        | Killed a green ugly thing
  7136 | D        | Learned a level 2 spell: Stoneskin
  7161 | D        | Noticed a slime creature
  7161 | D        | Noticed a merfolk
  7162 | D        | Noticed a cyan ugly thing
  7163 | D        | Killed a merfolk
  7165 | D        | Killed a slime creature
  7166 | D        | Noticed a shadow dragon
  7166 | D        | Noticed an ogre mage
  7166 | D        | Noticed a shadow dragon
  7168 | D        | Killed a shadow dragon
  7169 | D        | Killed a shadow dragon
  7170 | D        | Killed an ogre mage
  7171 | D        | Killed a cyan ugly thing
  7179 | D        | Noticed an obsidian statue
  7191 | D        | Killed an obsidian statue
  7351 | D        | Noticed a skeletal warrior
  7352 | D        | Noticed an iron golem
  7353 | D        | Killed a skeletal warrior
  7354 | D        | Killed an iron golem
  7354 | D        | Reached XP level 15. HP: 86/86 MP: 33/38
  7376 | D        | Noticed a necromancer
  7379 | D        | Killed a necromancer
  7406 | D        | Noticed a hell knight
  7406 | D        | Noticed a hell knight
  7407 | D        | Noticed a hell knight
  7415 | D        | Noticed a hell knight
  7415 | D        | Killed a hell knight
  7416 | D        | Killed a hell knight
  7416 | D        | Reached skill level 5 in Evocations
  7418 | D        | Killed a hell knight
  7427 | D        | Killed a hell knight
  7463 | D        | Noticed a lich
  7465 | D        | Killed a lich
  7465 | D        | Reached skill level 10 in Air Magic
  7491 | D        | Noticed a guardian mummy
  7492 | D        | Noticed a sphinx
  7492 | D        | Noticed a sphinx
  7493 | D        | Noticed a guardian mummy
  7494 | D        | Killed a guardian mummy
  7495 | D        | Killed a sphinx
  7495 | D        | Reached skill level 23 in Stealth
  7495 | D        | Reached skill level 5 in Transmutations
  7496 | D        | Killed a sphinx
  7499 | D        | Killed a guardian mummy
  7629 | D        | Noticed a guardian mummy
  7630 | D        | Noticed a guardian mummy
  7630 | D        | Noticed a mummy priest
  7630 | D        | Noticed a guardian mummy
  7632 | D        | Killed a guardian mummy
  7679 | D        | Learned a level 5 spell: Lee's Rapid Deconstruction
  7680 | D        | Noticed a guardian mummy
  7681 | D        | Killed a guardian mummy
  7682 | D        | Killed a guardian mummy
  7687 | D        | Killed a mummy priest
  7846 | D        | Killed a guardian mummy
  7876 | D        | Noticed a mummy priest
  7879 | D        | Killed a mummy priest
  7879 | D        | Reached skill level 5 in Earth Magic
  7886 | D        | Noticed a guardian mummy
  7972 | D        | Killed a guardian mummy
  7985 | D        | Noticed a guardian mummy
  7986 | D        | Noticed a mummy priest
  7986 | D        | Noticed a mummy priest
  7987 | D        | Killed a guardian mummy
  8116 | D        | Killed a mummy priest
  8153 | D        | Killed a mummy priest
  8176 | D        | Noticed a guardian mummy
  8176 | D        | Noticed a guardian mummy
  8176 | D        | Noticed a guardian mummy
  8176 | D        | Noticed a guardian mummy
  8176 | D        | Noticed a guardian mummy
  8176 | D        | Noticed a guardian mummy
  8178 | D        | Noticed a mummy priest
  8178 | D        | Noticed a guardian mummy
  8178 | D        | Noticed a mummy priest
  8178 | D        | Noticed a greater mummy
  8178 | D        | Noticed a guardian mummy
  8178 | D        | Noticed a mummy priest
  8178 | D        | Noticed a greater mummy
  8178 | D        | Noticed a guardian mummy
  8178 | D        | Noticed a mummy priest
  8179 | D        | Killed a guardian mummy
  8315 | D        | Killed a guardian mummy
  8324 | D        | Killed a guardian mummy
  8327 | D        | Killed a guardian mummy
  8327 | D        | Reached skill level 10 in Ice Magic
  8334 | D        | Killed a mummy priest
  8339 | D        | Killed a guardian mummy
  8356 | D        | Killed a guardian mummy
  8570 | D        | Killed a mummy priest
  8600 | D        | Killed a greater mummy
  8625 | D        | Killed a greater mummy
  8625 | D        | Reached skill level 10 in Fighting
  8633 | D        | Killed a guardian mummy
  8663 | D        | Killed a mummy priest
  8816 | D        | Killed a guardian mummy
  8817 | D        | Killed a guardian mummy
  8829 | D        | Killed a mummy priest
  8839 | D        | Got a golden rune of Zot
  8844 | D        | Got a shimmering ivory ring
  8855 | D        | Identified the ring "Had Dock" {EV+3 Str+5} (You found it in the Dungeon)
  9122 | D        | Got a crude buckler
  9133 | D        | Identified the +1 buckler of Qazlal's Wrath {-Cast +Blink rElec MR+} (You acquired it in the Dungeon)
  9144 | D        | Got a clouded brass amulet
  9145 | D        | Identified the amulet "Qarrosk" {Ward rElec rN+ Int+6} (You acquired it in the Dungeon)
  9147 | D        | Got a dazzling cloak
  9158 | D        | Identified the +1 cloak "Reeggiy" {rElec Str+3} (You acquired it in the Dungeon)
  9331 | D        | Bought an uncursed ring of flight for 210 gold pieces
  9344 | D        | Noticed a fire elementalist statue
  9344 | D        | Noticed a water elementalist statue
  9344 | D        | Noticed an earth elementalist statue
  9344 | D        | Noticed an air elementalist statue
  9346 | D        | Killed a water elementalist statue
  9348 | D        | Killed a fire elementalist statue
  9350 | D        | Killed an air elementalist statue
  9500 | D        | Killed an earth elementalist statue
  9549 | D        | Noticed an iron troll simulacrum
  9551 | D        | Killed an iron troll simulacrum
  9553 | D        | Noticed a stone giant skeleton
  9555 | D        | Killed a stone giant skeleton
  9562 | D        | Found Gecsaubo's Food Emporium.
  9562 | D        | Found Plog's Food Shop.
  9562 | D        | Found Keeth's Distillery.
  9562 | D        | Found Nub Udyl's Gadget Shoppe.
  9562 | D        | Noticed an oklob plant
  9563 | D        | Noticed an oklob plant
  9564 | D        | Killed an oklob plant
  9565 | D        | Killed an oklob plant
  9566 | D        | Bought a potion of beneficial mutation for 385 gold pieces
  9569 | D        | Gained mutation: Your spells are a little harder to cast, but a little more powerful. [potion of beneficial mutation]
  9587 | D        | Found Emocoiq's Gadget Boutique.
  9587 | D        | Noticed an iron troll simulacrum
  9591 | D        | Killed an iron troll simulacrum
  9591 | D        | Reached skill level 24 in Stealth
  9623 | D        | Noticed a hornet
  9625 | D        | Killed a hornet
  9632 | D        | Noticed a hornet
  9635 | D        | Killed a hornet
  9640 | D        | Noticed a hornet
  9643 | D        | Killed a hornet
  9656 | D        | Noticed a shadow wraith
  9656 | D        | Noticed a skeletal warrior
  9656 | D        | Noticed a mummy priest
  9657 | D        | Noticed a skeletal warrior
  9658 | D        | Killed a mummy priest
  9746 | D        | Killed a skeletal warrior
  9746 | D        | Killed a skeletal warrior
  9751 | D        | Killed a shadow wraith
  9821 | D        | Gained mutation: You are partially covered in molten scales (AC +1). [evolution]
  9855 | D        | Noticed a slime creature
  9856 | D        | Killed a slime creature
  9857 | D        | Noticed a slime creature
  9857 | D        | Noticed a large slime creature
  9857 | D        | Noticed a slime creature
  9858 | D        | Killed a slime creature
  9860 | D        | Killed a large slime creature
  9862 | D        | Killed a slime creature
  9901 | D        | Noticed a molten gargoyle
  9902 | D        | Noticed Mara
  9902 | D        | Noticed a vampire knight
  9903 | D        | Noticed a vampire knight
  9903 | D        | Killed a molten gargoyle
  9907 | D        | Killed Mara
  9907 | D        | Reached skill level 10 in Translocations
  9907 | D        | Reached XP level 16. HP: 84/84 MP: 32/40
  9931 | D        | Killed a vampire knight
  9933 | D        | Killed a vampire knight
 10245 | D        | Noticed an ancient champion
 10496 | D        | Killed an ancient champion
 10593 | D        | Learned a level 2 spell: Cure Poison
 10647 | D        | Noticed Roxanne
 10660 | D        | Killed Roxanne
 10660 | D        | Reached skill level 10 in Charms
 10662 | D        | Identified Roxanne's Guide on the Rocks (You took it off Roxanne in the Dungeon)
 10857 | D        | Noticed an iron troll simulacrum
 10857 | D        | Noticed an anaconda zombie
 10858 | D        | Noticed a spectral iron dragon
 10858 | D        | Noticed Boris
 10858 | D        | Noticed a golden dragon zombie
 10858 | D        | Noticed a stone giant skeleton
 10859 | D        | Killed a golden dragon zombie
 10866 | D        | Killed a stone giant skeleton
 10866 | D        | Killed an anaconda zombie
 10867 | D        | Killed an iron troll simulacrum
 10867 | D        | Reached skill level 15 in Hexes
 10880 | D        | Killed Boris
 10898 | D        | Killed a spectral iron dragon
 11211 | D        | Killed an azure jelly
 11211 | D        | Reached skill level 25 in Stealth
 11238 | D        | Killed an azure jelly
 11286 | D        | Killed an azure jelly
 11324 | D        | Killed an azure jelly
 11497 | D        | Noticed a swamp dragon
 11510 | D        | Killed a swamp dragon
 11525 | D        | Noticed a swamp drake
 11529 | D        | Killed a swamp drake
 11544 | D        | Killed the 27-headed Lernaean hydra
 11544 | D        | Reached skill level 10 in Armour
 11549 | D        | Noticed a six-headed hydra
 11552 | D        | Killed a six-headed hydra
 11561 | D        | Got a decaying rune of Zot
 11750 | D        | Noticed a yaktaur
 11750 | D        | Noticed a yaktaur captain
 11750 | D        | Noticed a yaktaur captain
 11751 | D        | Noticed a yaktaur
 11752 | D        | Killed a yaktaur
 11755 | D        | Killed a yaktaur captain
 11758 | D        | Killed a yaktaur captain
 11761 | D        | Killed a yaktaur
 11781 | D        | Noticed Azrael
 11783 | D        | Killed Azrael
 11783 | D        | Reached skill level 10 in Transmutations
 12011 | D        | Noticed a skeletal warrior
 12016 | D        | Killed a skeletal warrior
 12202 | D        | Noticed a golden dragon
 12202 | D        | Noticed a vault guard
 12202 | D        | Noticed a vault guard
 12203 | D        | Noticed a golden dragon
 12203 | D        | Noticed a vault guard
 12203 | D        | Noticed a vault guard
 12203 | D        | Noticed a slime creature
 12203 | D        | Noticed a golden dragon
 12203 | D        | Noticed a vault guard
 12203 | D        | Noticed a vault guard
 12203 | D        | Noticed a shadow dragon
 12203 | D        | Noticed a vault guard
 12203 | D        | Noticed a vault guard
 12203 | D        | Noticed a skeletal warrior
 12203 | D        | Noticed a titan
 12203 | D        | Noticed a vault guard
 12203 | D        | Noticed a vault guard
 12203 | D        | Noticed a quicksilver dragon
 12203 | D        | Noticed a vault guard
 12203 | D        | Noticed a vault guard
 12203 | D        | Noticed a fire giant
 12203 | D        | Noticed a vault guard
 12203 | D        | Noticed a vault guard
 12203 | D        | Noticed a golden dragon
 12203 | D        | Noticed a vault guard
 12203 | D        | Noticed a vault guard
 12243 | D        | Killed a vault guard
 12249 | D        | Killed a slime creature
 12272 | D        | Killed a vault guard
 12272 | D        | Reached skill level 10 in Conjurations
 12280 | D        | Killed a vault guard
 12473 | D        | Killed a vault guard
 12490 | D        | Killed a golden dragon
 12490 | D        | Reached skill level 10 in Shields
 12490 | D        | Reached skill level 10 in Evocations
 12523 | D        | Killed a titan
 12719 | D        | Killed a vault guard
 12731 | D        | Killed a vault guard
 12769 | D        | Killed a vault guard
 12791 | D        | Killed a vault guard
 12801 | D        | Killed a shadow dragon
 12801 | D        | Reached skill level 26 in Stealth
 12813 | D        | Killed a vault guard
 12817 | D        | Killed a vault guard
 12969 | D        | Killed a vault guard
 12972 | D        | Killed a vault guard
 13039 | D        | Killed a fire giant
 13489 | D        | Noticed a skeletal warrior
 13526 | D        | Killed a skeletal warrior
 13689 | D        | Killed a golden dragon
 13706 | D        | Killed a skeletal warrior
 13864 | D        | Killed a golden dragon
 13864 | D        | Reached XP level 17. HP: 91/100 MP: 14/43
 14014 | D        | Killed a vault guard
 14026 | D        | Killed a quicksilver dragon
 14076 | D        | Killed a vault guard
 14163 | D        | Learned a level 5 spell: Venom Bolt
 14175 | D        | Killed a golden dragon
 14306 | D        | Killed a vault guard
 14309 | D        | Killed a vault guard
 14382 | D        | Got a silver rune of Zot
 14611 | D        | Noticed a polar bear simulacrum
 14611 | D        | Noticed a fire dragon simulacrum
 14612 | D        | Noticed a wolf simulacrum
 14612 | D        | Noticed a fire dragon simulacrum
 14613 | D        | Killed a fire dragon simulacrum
 14614 | D        | Killed a fire dragon simulacrum
 14617 | D        | Killed a wolf simulacrum
 14619 | D        | Killed a polar bear simulacrum
 14898 | D        | Noticed a shining eye
 14898 | D        | Noticed an acid blob
 15206 | D        | Killed a ball lightning
 15206 | D        | Killed a ball lightning
 15206 | D        | Killed a ball lightning
 15234 | D        | Noticed an electric eel
 15235 | D        | Noticed Nikola
 15235 | D        | Noticed an electric eel
 15235 | D        | Noticed a storm dragon
 15235 | D        | Noticed an electric eel
 15235 | D        | Noticed an electric eel
 15235 | D        | Noticed an electric eel
 15235 | D        | Noticed an electric eel
 15236 | D        | Killed an electric eel
 15237 | D        | Killed an electric eel
 15239 | D        | Killed an electric eel
 15240 | D        | Killed an electric eel
 15244 | D        | Killed a storm dragon
 15246 | D        | Killed Nikola
 15248 | D        | Killed an electric eel
 15250 | D        | Killed an electric eel
 15310 | D        | Noticed an orc knight
 15310 | D        | Noticed a purple draconian knight
 15311 | D        | Noticed a deep elf knight
 15311 | D        | Noticed a vault guard
 15311 | D        | Noticed a deep elf knight
 15312 | D        | Killed a deep elf knight
 15313 | D        | Killed an orc knight
 15313 | D        | Reached skill level 27 in Stealth
 15314 | D        | Killed a purple draconian knight
 15316 | D        | Killed a deep elf knight
 15323 | D        | Killed a vault guard
 15380 | D        | Noticed an Executioner
 15382 | D        | Killed an Executioner
 15400 | D        | Noticed Nessos
 15402 | D        | Killed Nessos
 15419 | D        | Noticed a yellow draconian
 15420 | D        | Noticed a golden eye
 15420 | D        | Noticed a shining eye
 15420 | D        | Noticed a giant orange brain
 15421 | D        | Killed a yellow draconian
 15431 | D        | Killed a shining eye
 15432 | D        | Killed a golden eye
 15434 | D        | Killed a giant orange brain
 15505 | D        | Noticed a deep elf blademaster
 15505 | D        | Noticed a deep elf blademaster
 15505 | D        | Noticed a deep elf blademaster
 15513 | D        | Noticed a deep elf blademaster
 15515 | D        | Killed a deep elf blademaster
 15516 | D        | Noticed a deep elf blademaster
 15523 | D        | Killed a deep elf blademaster
 15531 | D        | Killed a deep elf blademaster
 15533 | D        | HP: 3/102 [deep elf blademaster/rapier (26)]
 15544 | D        | Killed a deep elf blademaster
 15599 | D        | HP: 4/102 [deep elf blademaster/short sword of venom (7)]
 15616 | D        | Killed a deep elf blademaster
 15753 | D        | Gained mutation: You possess an exceptional clarity of mind. [evolution]
 16006 | D        | Noticed a Killer Klown
 16008 | D        | Killed a Killer Klown
 16096 | D        | Noticed an Orb Guardian
 16096 | D        | Noticed an Orb Guardian
 16096 | D        | Noticed a fire giant
 16096 | D        | Noticed a frost giant
 16096 | D        | Noticed a moth of wrath
 16098 | D        | Killed an Orb Guardian
 16099 | D        | Killed an Orb Guardian
 16101 | D        | Killed a fire giant
 16105 | D        | Killed a moth of wrath
 16113 | D        | Killed a frost giant
 16146 | D        | Noticed an ancient lich
 16148 | D        | Killed an ancient lich
 16148 | D        | Reached skill level 10 in Earth Magic
 16155 | D        | Noticed a red draconian zealot
 16155 | D        | Noticed a storm dragon
 16157 | D        | Killed a storm dragon
 16158 | D        | Noticed a red draconian zealot
 16159 | D        | Killed a red draconian zealot
 16160 | D        | Killed a red draconian zealot
 16312 | D        | Noticed Mennas
 16313 | D        | Noticed a pristine statue
 16313 | D        | Noticed a pristine statue
 16313 | D        | Noticed a pristine statue
 16313 | D        | Noticed a pristine statue
 16314 | D        | Killed Mennas
 16314 | D        | Reached skill level 15 in Translocations
 16314 | D        | Reached XP level 18. HP: 105/107 MP: 40/46
 16324 | D        | Killed a pristine statue
 16327 | D        | Killed a pristine statue
 16456 | D        | Killed a pristine statue
 16456 | D        | Reached skill level 15 in Charms
 16459 | D        | Killed a pristine statue
 16569 | D        | Noticed an ice devil
 16569 | D        | Noticed a hell beast
 16569 | D        | Noticed a sun demon
 16569 | D        | Noticed a sun demon
 16569 | D        | Noticed a hell beast
 16569 | D        | Noticed a soul eater
 16570 | D        | Noticed a soul eater
 16570 | D        | Noticed an ice devil
 16571 | D        | Killed a sun demon
 16578 | D        | Killed a soul eater
 16584 | D        | Killed a soul eater
 16587 | D        | Killed a hell beast
 16588 | D        | Killed a hell beast
 16589 | D        | Killed an ice devil
 16593 | D        | Killed an ice devil
 16598 | D        | Killed a sun demon
 16775 | D        | Noticed a stone giant
 16775 | D        | Noticed a stone giant
 16776 | D        | Noticed a yaktaur
 16776 | D        | Noticed a yaktaur
 16776 | D        | Noticed a yaktaur
 16776 | D        | Noticed a yaktaur
 16776 | D        | Noticed a yaktaur captain
 16776 | D        | Noticed a yaktaur
 16776 | D        | Noticed Geryon
 16776 | D        | Noticed a yaktaur
 16776 | D        | Noticed a yaktaur
 16776 | D        | Noticed a yaktaur
 16778 | D        | Killed Geryon
 16779 | D        | Killed a stone giant
 16779 | D        | Reached skill level 27 in Dodging
 16780 | D        | Killed a stone giant
 16782 | D        | Killed a yaktaur
 16784 | D        | Killed a yaktaur captain
 16786 | D        | Killed a yaktaur
 16787 | D        | Killed a yaktaur
 16788 | D        | Killed a yaktaur
 16789 | D        | Killed a yaktaur
 16790 | D        | Killed a yaktaur
 16791 | D        | Killed a yaktaur
 16792 | D        | Killed a yaktaur
 16823 | D        | Noticed a war gargoyle
 16823 | D        | Noticed an iron elemental
 16824 | D        | Noticed a war gargoyle
 16824 | D        | Noticed the iron giant
 16824 | D        | Noticed a war gargoyle
 16824 | D        | Noticed a war gargoyle
 16826 | D        | Killed a war gargoyle
 16829 | D        | Killed a war gargoyle
 16833 | D        | Killed an iron elemental
 16835 | D        | Killed a war gargoyle
 16843 | D        | Killed the iron giant
 16997 | D        | Noticed an iron golem
 16999 | D        | Killed an iron golem
 17018 | D        | Noticed an iron dragon
 17018 | D        | Noticed a rust devil
 17018 | D        | Noticed a rust devil
 17018 | D        | Noticed a rust devil
 17025 | D        | Killed a rust devil
 17028 | D        | Killed a rust devil
 17031 | D        | Killed a rust devil
 17050 | D        | Killed an iron dragon
 17203 | D        | Noticed a Hell Sentinel
 17203 | D        | Noticed an iron elemental
 17204 | D        | Killed an iron elemental
 17206 | D        | Killed a Hell Sentinel
 17272 | D        | Killed a war gargoyle
 17272 | D        | Reached skill level 15 in Transmutations
 17335 | D        | Noticed a guardian mummy
 17336 | D        | Noticed a quasit
 17337 | D        | Noticed a greater mummy
 17337 | D        | Noticed a shadow
 17337 | D        | Noticed a shadow
 17337 | D        | Noticed a shadow
 17338 | D        | Killed a guardian mummy
 17340 | D        | Killed a greater mummy
 17340 | D        | Reached skill level 15 in Poison Magic
 17342 | D        | Killed a shadow
 17344 | D        | Killed a shadow
 17346 | D        | Killed a shadow
 17347 | D        | Killed a quasit
 17352 | D        | Noticed a greater mummy
 17352 | D        | Noticed a quasit
 17354 | D        | Noticed a greater mummy
 17355 | D        | Killed a greater mummy
 17355 | D        | Reached skill level 15 in Evocations
 17357 | D        | Killed a greater mummy
 17358 | D        | Killed a quasit
 17525 | D        | Noticed a greater mummy
 17525 | D        | Noticed Gloorx Vloq
 17525 | D        | Noticed a guardian mummy
 17525 | D        | Noticed a greater mummy
 17537 | D        | Noticed the Serpent of Hell
 17581 | D        | Noticed a Brimstone Fiend
 17591 | D        | Killed from afar by a Brimstone Fiend

Action                   |  1- 3 |  4- 6 |  7- 9 | 10-12 | 13-15 | 16-18 || total
-------------------------+-------+-------+-------+-------+-------+-------++-------
Melee: Dagger            |    13 |     7 |    56 |   108 |    46 |       ||   230
       Short sword       |       |       |       |       |    21 |       ||    21
       Rapier            |       |       |       |       |    77 |       ||    77
       Knife             |       |       |       |       |   295 |   401 ||   696
Throw: Throwing net      |       |       |       |       |     8 |     2 ||    10
 Cast: Corona            |     1 |       |       |       |       |       ||     1
       Ensorcelled Hiber |     2 |       |    12 |    61 |     8 |    22 ||   105
       Mephitic Cloud    |       |       |     3 |     1 |     2 |       ||     6
       Dazzling Spray    |       |       |     1 |    25 |   151 |   157 ||   334
       Confuse           |       |       |     1 |     1 |       |    18 ||    20
       Freezing Cloud    |       |       |       |       |     9 |     6 ||    15
       Poisonous Cloud   |       |       |       |       |     3 |       ||     3
       Shroud of Golubri |       |       |       |       |     4 |     8 ||    12
       Passage of Golubr |       |       |       |       |     3 |       ||     3
       Iskenderun's Batt |       |       |       |       |     1 |       ||     1
       Lee's Rapid Decon |       |       |       |       |    13 |    43 ||    56
       Tukima's Dance    |       |       |       |       |     4 |    26 ||    30
       Stone Arrow       |       |       |       |       |       |    51 ||    51
       Cure Poison       |       |       |       |       |       |     5 ||     5
       Stoneskin         |       |       |       |       |       |     8 ||     8
       Passwall          |       |       |       |       |       |     3 ||     3
Invok: Shadow Step       |       |       |       |     9 |    19 |    14 ||    42
 Abil: Evoke Flight      |       |       |       |       |       |     5 ||     5
       Evoke Invisibilit |       |       |       |       |       |     8 ||     8
  Use: Scroll            |       |     3 |       |       |    15 |    15 ||    33
       Potion            |       |     3 |       |       |     5 |     7 ||    15
 Stab: Sleeping          |     5 |     7 |    17 |    65 |    86 |    66 ||   246
       Confused          |       |       |     7 |     1 |       |     7 ||    15
       Invisible         |       |       |       |     2 |     4 |    19 ||    25
       Distracted        |       |       |       |       |     2 |     1 ||     3
       Held in net/web   |       |       |       |       |     9 |     1 ||    10
  Eat: Bread ration      |       |       |       |       |     1 |     2 ||     3
       Fruit             |       |       |       |       |     5 |     1 ||     6
